cohdb
Replays
Latest Replays
All Replays
Popular Replays
Top Player Replays
Match Explorer
How It Works
Community
CoH3 Stats
Reddit
Sign in to upload your games and track your stats! →
Sign in with Steam
Match 43977810
Unlisted
Match 43977810
Overview
Messages
Build Orders
End
Construct Infanterie Kompanie
Selects Mechanized Battlegroup
Grenadier Squad
Grenadier Squad
MG 42 Machine Gun Team
Grenadier Squad
Construct Luftwaffe Kompanie
Medical Bunker
Flak 30 Anti-aircraft Gun Team
Infanterie Officer Quarters
GrW 34 Mortar Team
Selects Spotting Scopes
Selects Wespe Self-propelled Artillery
Construct Panzergrenadier Kompanie
Summer Sugar
PaperPiece
沐雨轻然
AshCo Dismas
0
0
Comments
sign in to comment!
No comments posted yet!